 Seeded DCSS version 0.27-a0-562-g0d39f094a4 (webtiles) character file.

Game seed: 16989952797484863983 (custom seed)

590 karrick the Chopper (level 7, -3/60 HPs)
             Began as a Minotaur Fighter on Mar 8, 2021.
             Slain by a sky beast (6 damage)
             ... on level 5 of the Dungeon.
             The game lasted 00:04:10 (4087 turns).

karrick the Chopper (Minotaur Fighter)              Turns: 4087, Time: 00:04:12

Health: -3/60      AC: 16    Str: 20    XL:     7   Next: 15%
Magic:  6/6        EV:  1    Int:  6    God:
Gold:   203        SH: 10    Dex: 17    Spells: 6/6 levels left

rFire    + + .     SeeInvis .   r - +5 hand axe
rCold    + . .     Faith    .   c - +0 kite shield
rNeg     . . .     Spirit   .   i - +0 gold dragon scales
rPois    +         Reflect  .   (helmet restricted)
rElec    .         Harm     .   f - +0 cloak
rCorr    .         Rampage  .   (no gloves)
Will     .....                  (no boots)
Stlth    ..........             (no amulet)
HPRegen  0.20/turn              n - ring of protection from fire
MPRegen  0.10/turn              q - +6 ring of dexterity

@: no status effects
A: horns 2, retaliatory headbutt
a: no special abilities


You were on level 5 of the Dungeon.
You visited 1 branch of the dungeon, and saw 5 of its levels.

You collected 203 gold pieces.

Inventory:

Hand Weapons
 a - a +0 war axe
 r - a +5 hand axe (weapon)
Armour
 b - a +0 scale mail
 c - a +0 kite shield (worn)
 f - a +0 cloak (worn)
 i - +0 gold dragon scales (worn)
Jewellery
 n - a ring of protection from fire (left hand)
 q - a +6 ring of dexterity (right hand)
Wands
 t - a wand of mindburst (5)
Scrolls
 e - 2 scrolls of enchant weapon {unknown}
 g - a scroll of fog {unknown}
 h - 3 scrolls of identify {unknown}
 l - 2 scrolls of immolation {unknown}
 o - a scroll of enchant armour {unknown}
 s - 3 scrolls of teleportation {unknown}
 v - a scroll of blinking {unknown}
Potions
 d - 2 potions of might
 j - a potion of cancellation {unknown}
 k - 2 potions of attraction {unknown}
 m - a potion of mutation {unknown}
 p - a potion of curing {unknown}
 u - a potion of heal wounds
 w - a potion of flight {unknown}


   Skills:
 + Level 4.5 Fighting
 + Level 6.6 Axes
 + Level 5.4 Armour
 + Level 1.6 Dodging
 + Level 0.1 Stealth
 + Level 5.3 Shields
 + Level 0.9 Unarmed Combat


You had 6 spell levels left.
You didn't know any spells.
Your spell library contained the following spells:

 Spells                   Type           Power      Damage    Failure   Level
 Animate Skeleton         Necr           0%         N/A       100%        1
 Apportation              Tloc           0%         N/A       100%        1
 Corona                   Hex            0%         N/A       100%        1
 Magic Dart               Conj           0%         1d3       100%        1
 Summon Small Mammal      Summ           0%         N/A       100%        1
 Blink                    Tloc           N/A        N/A       100%        2
 Call Imp                 Summ           0%         N/A       100%        2
 Slow                     Hex            0%         N/A       100%        2
 Conjure Flame            Conj/Fire      0%         6-21      100%        3
 Mephitic Cloud           Conj/Pois/Air  0%         N/A       100%        3


Dungeon Overview and Level Annotations

Branches:
Dungeon (5/15)
 Temple: D:4-7

Altars:
Nemelex Xobeh


Innate Abilities, Weirdness & Mutations

You have a pair of horns on your head.
You reflexively headbutt those who attack you in melee.


Message History

Sigmund casts a spell at you. You block the puff of flame.
The sky beast hits you but does no damage.
Sigmund casts a spell at you.
The puff of flame hits you but does no damage.
You closely miss Sigmund. You headbutt Sigmund.
You kill Sigmund!
You slash the sky beast! The sky beast hits you. The sky beast shocks you.
* * * LOW HITPOINT WARNING * * *
You have reached level 7!
You hit the sky beast.
The sky beast is heavily wounded.
The sky beast hits you.
* * * LOW HITPOINT WARNING * * *
The sky beast shocks you.
* * * LOW HITPOINT WARNING * * *
Your shield and gold dragon scales prevent you from hitting the sky beast.
The sky beast is heavily wounded.
The sky beast hits you but does no damage.
You hit the sky beast.
The sky beast is severely wounded.
You block the sky beast's attack.
The sky beast hits you but does no damage.
You completely miss the sky beast.
The sky beast is severely wounded.
The sky beast hits you.
* * * LOW HITPOINT WARNING * * *
The sky beast shocks you.
* * * LOW HITPOINT WARNING * * *
You barely miss the sky beast. You headbutt the sky beast.
The sky beast is almost dead.
The sky beast hits you but does no damage.
You hit the sky beast. Your headbutt misses the sky beast.
The sky beast is almost dead.
The sky beast flickers out of sight!
Deactivating autopickup; reactivate with Ctrl-A.
Something hits you.
* * * LOW HITPOINT WARNING * * *
Something shocks you.
You die...

..... ..... ### ##.....
##.#####.......
##..#...........
###../............ .
#......##.........
....###.{(...###<.......
#....@#..[............
........).........##....
........†...............
.....[.#.#..............
.....###................
..... ..####...........
#... ..## #.........$.
.#.. ..# #..........#
... .....###...


There were no monsters in sight!

Vanquished Creatures
  Sigmund (D:5)
  Eustachio (D:4)
  A hound (D:4)
  Jessica (D:2)
  Natasha (twice) (D:2)
  A worker ant (D:4)
  Robin (D:2)
  7 adders
  An ufetubus (D:3)
  An ooze (D:3)
  An adder skeleton (D:4)
  2 worms (D:3)
  3 dart slugs
  2 leopard geckos (D:1)
  6 orcs (D:3)
  A giant cockroach (D:1)
  14 goblins
  7 hobgoblins
  7 jackals
  A quokka (D:2)
  A ball python skeleton (D:4)
  4 bats
  2 frilled lizards (D:1)
  A jackal skeleton (D:4)
  4 kobolds
  6 rats
79 creatures vanquished.

Notes
Turn   | Place    | Note
-------+----------+-------------------------------------------
     0 | D:1      | karrick the Minotaur Fighter began the quest for the Orb.
     0 | D:1      | Reached XP level 1. HP: 19/19 MP: 0/0
   427 | D:1      | Reached XP level 2. HP: 27/27 MP: 1/1
  1026 | D:1      | Found a sparkling altar of Nemelex Xobeh.
  1278 | D:2      | Noticed Jessica
  1278 | D:2      | Noticed Robin
  1280 | D:2      | Reached XP level 3. HP: 33/33 MP: 2/2
  1281 | D:2      | Reached skill level 3 in Axes
  1711 | D:2      | Killed Robin
  1791 | D:2      | Reached XP level 4. HP: 40/40 MP: 3/3
  1792 | D:2      | Found a faded altar of an unknown god.
  1950 | D:2      | Reached skill level 1 in Dodging
  2071 | D:2      | Noticed Natasha
  2091 | D:2      | Killed Natasha
  2092 | D:2      | Reached skill level 4 in Axes
  2404 | D:2      | Killed Jessica
  2427 | D:2      | Reached XP level 5. HP: 45/46 MP: 4/4
  2721 | D:2      | Noticed Natasha
  2728 | D:2      | Killed Natasha
  3620 | D:4      | Noticed Eustachio
  3632 | D:4      | Killed Eustachio
  3633 | D:4      | Reached skill level 5 in Axes
  3633 | D:4      | Reached skill level 5 in Armour
  3633 | D:4      | Reached XP level 6. HP: 52/53 MP: 5/5
  3665 | D:4      | Reached skill level 6 in Axes
  4053 | D:5      | Entered Level 5 of the Dungeon
  4060 | D:5      | Noticed Sigmund
  4062 | D:5      | Noticed a sky beast
  4070 | D:5      | Reached skill level 5 in Shields
  4081 | D:5      | Killed Sigmund
  4082 | D:5      | Reached XP level 7. HP: 16/60 MP: 6/6
  4085 | D:5      | HP: 3/60 [sky beast (5)]
  4087 | D:5      | Slain by a sky beast

Illustrated notes

Levels and vault maps discovered:
D:1:      nzn_arrival_depleted_hourglass, layout_basic, serial_forest,
          infiniplex_forest_straight_2, infiniplex_forest_lined_room_2,
          infiniplex_forest_clump_medium, infiniplex_forest_end_2,
          infiniplex_forest_diagonal, infiniplex_forest_end_double,
          infiniplex_forest_join, infiniplex_forest_corner_2, roderic_lattice_a,
          nemelex_diamond_rough_becter
D:2:      layout_basic, chequers_ecumenical_altar_simple_redux, minivault_19,
          uniq_natasha, uniq_jessica, uniq_robin
D:3:      layout_loops_ring
D:4:      layout_rooms, uniq_eustachio
D:5:      lemuel_ratsnest, layout_cave_pools, nicolae_dithmenos_shadow_blocks,
          zin_statuary, lemuel_altar_in_water, uniq_sigmund

Skill      XL: |  1  2  3  4  5  6 |
---------------+-------------------+-----
Fighting       | 4 |  4.5
Shields        | 4 5 |  5.3
Armour         | 4 5 |  5.4
Axes           | 3 4 5 6 |  6.6
Dodging        | 1 |  1.6
Stealth        | |  0.1
Unarmed Combat | |  0.9

Action                   |  1- 3 |  4- 6 |  7- 9 || total
-------------------------+-------+-------+-------++-------
Melee: War axe           |    82 |    60 |       ||   142
       Headbutt          |    10 |    20 |     1 ||    31
       Unarmed           |       |    15 |       ||    15
       Hand axe          |       |    55 |     6 ||    61
Armor: Scale mail        |    45 |     9 |       ||    54
       Skin              |       |     5 |       ||     5
       Gold dragon scale |       |    67 |     3 ||    70
Dodge: Dodged            |    32 |    27 |       ||    59
Block: Kite shield       |    54 |    64 |     1 ||   119

Table legend: (Time is in decaauts)
 A = Elapsed time spent in this place.
 B = Non-inter-level travel time spent in this place.
 C = Inter-level travel time spent in this place.
 D = Time resting spent in this place.
 E = Time spent auto-exploring this place.
 F = Levels seen in this place.
 G = Mean time per level.
                   A        B        C        D        E       F      G
               +--------+--------+--------+--------+--------+-----+--------+
         Total |   4215 |   4117 |     98 |    391 |   3168 |   5 |  843.0 |
       Dungeon |   4215 |   4117 |     98 |    391 |   3168 |   5 |  843.0 |
               +--------+--------+--------+--------+--------+-----+--------+

Top non-repeatable levels by time:
     D:1: 1723 daAuts
     D:2: 1271 daAuts
     D:3: 715 daAuts
     D:4: 467 daAuts
     D:5: 37 daAuts
